 Dungeon Crawl Stone Soup version 0.31-a0-174-g85c54bcb58 (webtiles) character file.

Game seed: 1081220897843766609

14742 qw the Skirmisher (level 12, -1/114 HPs)
             Began as a Naga Hunter on June 15, 2023.
             Was an Elder of Okawaru.
             Slain by an elephant (2 damage)
             ... on level 1 of the Lair of Beasts.
             The game lasted 00:03:46 (9137 turns).

qw the Skirmisher (Naga Hunter)                     Turns: 9137, Time: 00:03:47

Health: -1/114     AC: 12    Str: 13    XL:     12   Next: 19%
Magic:  15/16      EV: 18    Int: 10    God:    Okawaru [****..]
Gold:   618        SH:  0    Dex: 24    Spells: 11/11 levels left

rFire   + . .        q - +1 arbalest (heavy)
rCold   + . .        (shield currently unavailable)
rNeg    . . .        j - +1 robe {rC+}
rPois   +            g - +2 helmet
rElec   +            f - +0 cloak
rCorr   +            o - +0 pair of gloves
SInv    +            (no barding)
Will    +....        n - amulet "Lelips" {Acrobat Regen+}
Stlth   ++++         c - ring of resist corrosion
HPRegen 1.19/turn    p - ring of Ynuuz {*Corrode rElec rF+ Dex+4}
MPRegen 0.15/turn

%: corrode self (3%), acrobat
@: heroic, very slow
A: AC +4, large, see invisible, deformed body, poison resistance, slowness 2,
spit poison 1, naga tail 1
a: Spit Poison, Renounce Religion, Heroism, Finesse


You were on level 1 of the Lair of Beasts.
You worshipped Okawaru.
Okawaru was greatly pleased with you.
You visited 3 branches of the dungeon, and saw 13 of its levels.

You collected 1000 gold pieces.
You spent 382 gold pieces at shops.


Innate Abilities, Weirdness & Mutations

Your serpentine skin is tough. (AC +4)
You have supernaturally acute eyesight. (SInv)
Armour fits poorly on your strangely shaped body.
Your system is resistant to poisons. (rPois)
You cover ground very slowly.
You can spit poison.
You have a snake-like lower body.


   Skills:
 - Level 9.0(14.0) Fighting
 + Level 13.9(18.9) Ranged Weapons
 - Level 2.4(7.4) Armour
 - Level 6.0(11.0) Dodging
 - Level 1.5(6.5) Stealth
 + Level 5.6 Invocations


You had 11 spell levels left.
You didn't know any spells.
Your spell library was empty.

Inventory:

Hand Weapons
 q - a +1 heavy arbalest (weapon)
Armour
 f - a +0 cloak (worn)
 g - a +2 helmet (worn)
 j - a +1 robe of cold resistance (worn)
 o - a +0 pair of gloves (worn)
 r - +0 acid dragon scales
Jewellery
 c - a ring of resist corrosion (left hand)
 e - a ring of ice
 h - a ring of fire
 n - the amulet "Lelips" (around neck) {Acrobat Regen+}
   (You found it on level 6 of the Dungeon)

   [amulet of the acrobat]

   It increases your evasion while moving and waiting.
   Regen:     It increases your rate of health regeneration.
 p - the ring of Ynuuz (right hand) {*Corrode rElec rF+ Dex+4}
   (You acquired it on level 8 of the Dungeon)

   [ring of protection from fire]

   Dex:       It affects your dexterity (+4).
   rF:        It protects you from fire.
   rElec:     It insulates you from electricity.
   *Corrode:  It may corrode you when you take damage.
Wands
 b - a wand of digging (2)
Scrolls
 m - 4 scrolls of identify
Potions
 a - 3 potions of mutation
 d - a potion of resistance
 k - a potion of magic
 l - 2 potions of curing

Dungeon Overview and Level Annotations

Branches:
Dungeon (11/15)            Temple (1/1) D:7            Lair (1/5) D:11
    Orc (0/2) D:10

Altars:
Ashenzari
Cheibriados
Dithmenos
Elyvilon
Fedhas
Gozag
Hepliaklqana
Kikubaaqudgha
Makhleb
Nemelex Xobeh
Okawaru
Qazlal
Ru
Sif Muna
Trog
Uskayaw
Vehumet
Wu Jian
Xom
Yredelemnul
Zin
The Shining One

Shops:
D:3 *   D:4 *   D:7 =


Message History

The cane toad stings you but does no damage.
You shoot a bolt. The bolt hits the elephant!!!
The elephant is severely wounded.
The elephant tramples you.
You hold your ground!
The elephant trunk-slaps you. The elephant tramples you.
You hold your ground!
The elephant misses you.
The elephant tramples you but does no damage.
The elephant misses you.
The cane toad stings you but does no damage.
The elephant tramples you!
You hold your ground!
The elephant misses you. The elephant barely misses you.
The elephant misses you.
The elephant tramples you but does no damage.
The elephant trunk-slaps you but does no damage.
You shoot a bolt. The bolt hits the elephant!!!
You kill the elephant!
Okawaru accepts your kill. The cane toad barely misses you.
The elephant tramples you!
You hold your ground!
The elephant barely misses you. x2
The elephant trunk-slaps you but does no damage.
You shoot a bolt. The bolt barely misses the cane toad.
The cane toad stings you but does no damage.
The elephant completely misses you. The elephant barely misses you.
The elephant tramples you.
You hold your ground!
The elephant trunk-slaps you but does no damage.
The cane toad misses you. The elephant barely misses you.
The elephant trunk-slaps you. The elephant barely misses you.
The elephant trunk-slaps you but does no damage.
The elephant misses you. The elephant closely misses you.
You shoot a bolt. The bolt hits the cane toad!
The cane toad is moderately wounded.
The cane toad misses you. The elephant tramples you!
You hold your ground!
The elephant trunk-slaps you but does no damage.
The elephant barely misses you.
The elephant trunk-slaps you but does no damage.
The elephant tramples you!
You hold your ground!
The elephant barely misses you. The cane toad misses you.
You shoot a bolt. The bolt hits the cane toad.
The cane toad is moderately wounded.
The elephant misses you. The elephant trunk-slaps you.
The elephant completely misses you. x2; The elephant tramples you.
You die...

.......)....#
#...........##
#...######...#
>.### #...## ..#
##...## .##
##...# .# ##..###
## # #.....# # #
......#.Y@#.#
........YYF#
.........FF.#
...............
.................
...........###.##
# .........## ##
## .......## .##
......#


You could see 3 elephants, 2 cane toads and a bullfrog.

Vanquished Creatures
  2 two-headed ogres (D:8)
  A boulder beetle (D:11)
  A cyclops (D:11)
  Maurice (D:8)
  A black mamba (Lair:1)
  3 elephants (Lair:1)
  A cane toad (Lair:1)
  A komodo dragon (D:11)
  2 rime drakes (D:11)
  A kobold demonologist (D:11)
  2 trolls
  A hornet (D:8)
  26 yaks
  A vampire (D:11)
  A wraith (D:11)
  A steam dragon (D:8)
  Menkaure (D:4)
  2 acid dragons
  A water moccasin (Lair:1)
  3 orc warriors
  A black bear (D:5)
  3 ice beasts
  10 centaurs
  An ogre (D:6)
  2 phantoms
  Blork the orc (D:6)
  4 kobold brigands
  3 bullfrogs
  A gnoll sergeant (D:9)
  3 scorpions
  3 wights (D:8)
  9 killer bees
  7 howler monkeys
  A jelly (D:6)
  10 orc priests
  2 hounds (D:6)
  4 sleepcaps
  Ijyb (D:3)
  3 iguanas (D:6)
  15 orc wizards
  5 gnolls (D:9)
  6 adders
  A shadow imp (D:8)
  3 white imps
  A worm (D:2)
  3 dart slugs
  28 orcs
  6 endoplasms
  4 giant cockroaches
  11 goblins
  3 hobgoblins
  4 jackals (D:3)
  7 quokkas
  5 ball pythons
  6 bats
  5 frilled lizards
  30 kobolds
  4 rats
269 creatures vanquished.

Vanquished Creatures (others)
  An orc wizard (D:6)
1 creature vanquished.

Grand Total: 270 creatures vanquished

Notes
Turn   | Place    | Note
-------+----------+-------------------------------------------
     0 | D:1      | qw the Naga Hunter began the quest for the Orb.
     0 | D:1      | Reached XP level 1. HP: 19/19 MP: 1/1
     0 | D:1      | 0 ||| qw: Version: 0.2-a-29-g511e9b1
     0 | D:1      | 0 ||| qw: Game counter: 5594
     0 | D:1      | 0 ||| qw: Always use a shield: true
     0 | D:1      | 0 ||| qw: God list: Okawaru
     0 | D:1      | 0 ||| qw: Allow faded altars: false
     0 | D:1      | 0 ||| qw: Do Orc after D:15 true
     0 | D:1      | 0 ||| qw: Do second Lair branch before Depths: true
     0 | D:1      | 0 ||| qw: Lair rune preference: random
     0 | D:1      | 0 ||| qw: Plans: Normal
     0 | D:1      | 0 ||| PLANNING D:1-11
    68 | D:1      | 68 ||| INVOKING Spit Poison.
    84 | D:1      | 84 ||| INVOKING Spit Poison.
    93 | D:1      | 93 ||| INVOKING Spit Poison.
    96 | D:1      | 96 ||| INVOKING Spit Poison.
    97 | D:1      | 97 ||| Stepping ~*~*~tactically~*~*~ (outnumbered).
   100 | D:1      | Reached skill level 4 in Ranged Weapons
   100 | D:1      | Reached XP level 2. HP: 26/26 MP: 2/2
   100 | D:1      | 100 ||| INVOKING Spit Poison.
   105 | D:1      | 105 ||| INVOKING Spit Poison.
   179 | D:1      | 179 ||| INVOKING Spit Poison.
   196 | D:1      | 196 ||| INVOKING Spit Poison.
   212 | D:1      | 212 ||| INVOKING Spit Poison.
   243 | D:1      | 243 ||| INVOKING Spit Poison.
   491 | D:1      | 491 ||| INVOKING Spit Poison.
   496 | D:1      | 496 ||| INVOKING Spit Poison.
   529 | D:1      | 529 ||| INVOKING Spit Poison.
   646 | D:1      | 646 ||| INVOKING Spit Poison.
   647 | D:1      | Reached XP level 3. HP: 32/32 MP: 3/3
   665 | D:1      | 665 ||| READING scroll labelled HEAW NOSMAREU.
   666 | D:1      | 666 ||| READING scroll labelled ISCHEU XUWUPAJ.
   667 | D:1      | 667 ||| DRINKING 2 murky emerald potions.
   668 | D:1      | 668 ||| DROPPING scroll of butterflies.
   669 | D:1      | 669 ||| DROPPING potion of brilliance.
   709 | D:2      | 709 ||| INVOKING Spit Poison.
   716 | D:2      | 716 ||| INVOKING Spit Poison.
   730 | D:2      | 730 ||| INVOKING Spit Poison.
   735 | D:2      | 735 ||| INVOKING Spit Poison.
   772 | D:2      | 772 ||| INVOKING Spit Poison.
   785 | D:2      | 785 ||| INVOKING Spit Poison.
   812 | D:2      | 812 ||| INVOKING Spit Poison.
   818 | D:2      | 818 ||| INVOKING Spit Poison.
   828 | D:2      | 828 ||| INVOKING Spit Poison.
   832 | D:2      | 832 ||| INVOKING Spit Poison.
   835 | D:2      | 835 ||| INVOKING Spit Poison.
   839 | D:2      | 839 ||| INVOKING Spit Poison.
   844 | D:2      | 844 ||| INVOKING Spit Poison.
   845 | D:2      | 845 ||| INVOKING Spit Poison.
   983 | D:2      | Identified the +4 dagger "Impslayer" {elec, rF+ rC+ Str+3}
  1034 | D:2      | 1034 ||| INVOKING Spit Poison.
  1055 | D:2      | 1055 ||| INVOKING Spit Poison.
  1075 | D:2      | 1075 ||| INVOKING Spit Poison.
  1336 | D:2      | 1336 ||| UPGRADING to +0 helmet.
  1341 | D:2      | 1341 ||| READING scroll labelled HIOTAG CIG UNKEI.
  1342 | D:2      | 1342 ||| READING 2 scrolls labelled XIZXAN CEMOTOA.
  1343 | D:2      | 1343 ||| READING scroll labelled LUONUADOTI.
  1344 | D:2      | 1344 ||| DRINKING 2 red potions.
  1345 | D:2      | 1345 ||| DROPPING potion of degeneration.
  1346 | D:2      | 1346 ||| DROPPING scroll of immolation.
  1390 | D:3      | Noticed Ijyb
  1392 | D:3      | 1392 ||| INVOKING Spit Poison.
  1399 | D:3      | 1399 ||| INVOKING Spit Poison.
  1403 | D:3      | 1403 ||| INVOKING Spit Poison.
  1403 | D:3      | Killed Ijyb
  1404 | D:3      | Reached skill level 5 in Ranged Weapons
  1404 | D:3      | Reached XP level 4. HP: 20/39 MP: 4/4
  1424 | D:3      | 1424 ||| FLEEEEING.
  1425 | D:3      | 1425 ||| FLEEEEING.
  1427 | D:3      | 1427 ||| FLEEEEING.
  1428 | D:3      | 1428 ||| FLEEEEING.
  1429 | D:3      | 1429 ||| FLEEEEING.
  1430 | D:3      | 1430 ||| FLEEEEING.
  1431 | D:3      | 1431 ||| FLEEEEING.
  1432 | D:3      | 1432 ||| FLEEEEING.
  1433 | D:3      | 1433 ||| FLEEEEING.
  1434 | D:3      | 1434 ||| FLEEEEING.
  1435 | D:3      | 1435 ||| FLEEEEING.
  1436 | D:3      | 1436 ||| FLEEEEING.
  1437 | D:3      | 1437 ||| STAIRDANCE
  1473 | D:3      | 1473 ||| INVOKING Spit Poison.
  1474 | D:3      | 1474 ||| STAIRDANCE
  1553 | D:3      | 1553 ||| INVOKING Spit Poison.
  1558 | D:3      | 1558 ||| INVOKING Spit Poison.
  1563 | D:3      | 1563 ||| INVOKING Spit Poison.
  1564 | D:3      | 1564 ||| INVOKING Spit Poison.
  1627 | D:3      | 1627 ||| INVOKING Spit Poison.
  1640 | D:3      | 1640 ||| INVOKING Spit Poison.
  1652 | D:3      | 1652 ||| INVOKING Spit Poison.
  1692 | D:3      | Found Fanafum's Assorted Antiques.
  1703 | D:3      | 1703 ||| BUYING brass wand (96 gold).
  1703 | D:3      | Bought a brass wand for 96 gold pieces
  1703 | D:3      | 1703 ||| BUYING clear potion (21 gold).
  1703 | D:3      | Bought a clear potion for 21 gold pieces
  1703 | D:3      | 1703 ||| BUYING coppery potion (21 gold).
  1703 | D:3      | Bought a coppery potion for 21 gold pieces
  1703 | D:3      | 1703 ||| BUYING scroll labelled DUASOODO QUJE (24 gold).
  1703 | D:3      | Bought a scroll labelled DUASOODO QUJE for 24 gold pieces
  1743 | D:3      | 1743 ||| INVOKING Spit Poison.
  1750 | D:3      | 1750 ||| INVOKING Spit Poison.
  1872 | D:3      | 1872 ||| INVOKING Spit Poison.
  1879 | D:3      | 1879 ||| INVOKING Spit Poison.
  1895 | D:3      | 1895 ||| INVOKING Spit Poison.
  1898 | D:3      | 1898 ||| INVOKING Spit Poison.
  1910 | D:3      | 1910 ||| READING scroll of enchant armour.
  1910 | D:3      | 1910 ||| ENCHANTING +0 helmet.
  2063 | D:3      | Found a faded altar of an unknown god.
  2588 | D:3      | 2588 ||| DROPPING +1 helmet.
  2589 | D:3      | 2589 ||| READING scroll labelled ETEES UCVYAZEO.
  2594 | D:3      | 2594 ||| READING scroll labelled DUASOODO QUJE.
  2595 | D:3      | 2595 ||| DRINKING 2 metallic golden potions.
  2604 | D:3      | 2604 ||| DRINKING 2 clear potions.
  2605 | D:3      | 2605 ||| DRINKING 2 coppery potions.
  2606 | D:3      | 2606 ||| DROPPING potion of ambrosia.
  2607 | D:3      | 2607 ||| DROPPING potion of attraction.
  2608 | D:3      | 2608 ||| DROPPING wand of light (11).
  2632 | D:4      | 2632 ||| INVOKING Spit Poison.
  2658 | D:4      | Noticed a scorpion
  2659 | D:4      | 2659 ||| INVOKING Spit Poison.
  2660 | D:4      | Killed a scorpion
  2661 | D:4      | Reached skill level 3 in Fighting
  2661 | D:4      | Reached XP level 5. HP: 50/50 MP: 5/5
  2665 | D:4      | 2665 ||| READING scroll of enchant weapon.
  2665 | D:4      | 2665 ||| ENCHANTING +1 heavy shortbow.
  2742 | D:4      | 2742 ||| INVOKING Spit Poison.
  2744 | D:4      | 2744 ||| Stepping ~*~*~tactically~*~*~ (outnumbered).
  2747 | D:4      | 2747 ||| INVOKING Spit Poison.
  2763 | D:4      | 2763 ||| INVOKING Spit Poison.
  2768 | D:4      | 2768 ||| INVOKING Spit Poison.
  2771 | D:4      | Reached XP level 6. HP: 29/57 MP: 6/6
  2826 | D:4      | 2826 ||| INVOKING Spit Poison.
  2955 | D:4      | 2955 ||| INVOKING Spit Poison.
  2961 | D:4      | Found Qutt's General Store.
  2984 | D:4      | Noticed Menkaure
  2986 | D:4      | Killed Menkaure
  2987 | D:4      | Reached skill level 6 in Ranged Weapons
  3139 | D:4      | Found a bloodstained altar of Trog.
  3140 | D:4      | 3140 ||| INVOKING Spit Poison.
  3149 | D:4      | 3149 ||| INVOKING Spit Poison.
  3156 | D:4      | 3156 ||| INVOKING Spit Poison.
  3182 | D:4      | 3182 ||| DROPPING ring of wizardry.
  3183 | D:4      | 3183 ||| READING scroll labelled DIEDDO WOCSAW.
  3197 | D:5      | Entered Level 5 of the Dungeon
  3227 | D:5      | 3227 ||| INVOKING Spit Poison.
  3233 | D:5      | 3233 ||| INVOKING Spit Poison.
  3236 | D:5      | 3236 ||| INVOKING Spit Poison.
  3239 | D:5      | 3239 ||| INVOKING Spit Poison.
  3244 | D:5      | 3244 ||| INVOKING Spit Poison.
  3246 | D:5      | Reached XP level 7. HP: 56/64 MP: 7/7
  3248 | D:5      | 3248 ||| INVOKING Spit Poison.
  3299 | D:5      | 3299 ||| INVOKING Spit Poison.
  3306 | D:5      | 3306 ||| READING scroll of enchant armour.
  3306 | D:5      | 3306 ||| ENCHANTING +1 helmet.
  3434 | D:5      | 3434 ||| INVOKING Spit Poison.
  3437 | D:5      | 3437 ||| INVOKING Spit Poison.
  3439 | D:5      | Reached skill level 7 in Ranged Weapons
  3470 | D:5      | 3470 ||| INVOKING Spit Poison.
  3503 | D:5      | 3503 ||| INVOKING Spit Poison.
  3706 | D:5      | 3706 ||| Stepping ~*~*~tactically~*~*~ (outnumbered).
  3710 | D:5      | 3710 ||| Stepping ~*~*~tactically~*~*~ (outnumbered).
  3712 | D:5      | 3712 ||| Stepping ~*~*~tactically~*~*~ (outnumbered).
  3713 | D:5      | 3713 ||| INVOKING Spit Poison.
  3718 | D:5      | 3718 ||| INVOKING Spit Poison.
  3724 | D:5      | 3724 ||| INVOKING Spit Poison.
  3728 | D:5      | 3728 ||| INVOKING Spit Poison.
  3813 | D:5      | 3813 ||| UPGRADING to +0 pair of gloves.
  3818 | D:5      | 3818 ||| READING scroll labelled NAUCLO NON GAM.
  3819 | D:5      | 3819 ||| READING scroll labelled NORUGE BUNT.
  3820 | D:5      | 3820 ||| READING scroll labelled SULERA HYEVUS.
  3821 | D:5      | 3821 ||| READING scroll labelled HIKOGY LAEME.
  3822 | D:5      | 3822 ||| READING scroll labelled XUKIFO CETE.
  3851 | D:6      | 3851 ||| INVOKING Spit Poison.
  3854 | D:6      | Reached XP level 8. HP: 72/72 MP: 8/8
  3857 | D:6      | Reached skill level 1 in Armour
  3949 | D:6      | Reached skill level 8 in Ranged Weapons
  3964 | D:6      | 3964 ||| INVOKING Spit Poison.
  3969 | D:6      | 3969 ||| INVOKING Spit Poison.
  4021 | D:6      | 4021 ||| INVOKING Spit Poison.
  4024 | D:6      | 4024 ||| INVOKING Spit Poison.
  4030 | D:6      | 4030 ||| INVOKING Spit Poison.
  4088 | D:6      | Identified the amulet "Lelips" {Acrobat Regen+}
  4191 | D:6      | 4191 ||| INVOKING Spit Poison.
  4194 | D:6      | 4194 ||| INVOKING Spit Poison.
  4198 | D:6      | 4198 ||| DRINKING potion of curing.
  4198 | D:6      | 4198 ||| (to cure confusion)
  4199 | D:6      | 4199 ||| INVOKING Spit Poison.
  4203 | D:6      | 4203 ||| INVOKING Spit Poison.
  4209 | D:6      | 4209 ||| INVOKING Spit Poison.
  4219 | D:6      | 4219 ||| UPGRADING to +0 arbalest.
  4220 | D:6      | 4220 ||| DROPPING +2 heavy shortbow.
  4221 | D:6      | 4221 ||| READING scroll of brand weapon.
  4221 | D:6      | 4221 ||| BRANDING +0 arbalest.
  4243 | D:6      | 4243 ||| INVOKING Spit Poison.
  4259 | D:6      | 4259 ||| INVOKING Spit Poison.
  4260 | D:6      | Reached skill level 9 in Ranged Weapons
  4310 | D:6      | 4310 ||| INVOKING Spit Poison.
  4325 | D:6      | 4325 ||| INVOKING Spit Poison.
  4351 | D:6      | 4351 ||| READING scroll of enchant weapon.
  4351 | D:6      | 4351 ||| ENCHANTING +0 arbalest of draining.
  4414 | D:6      | Noticed Blork the orc
  4417 | D:6      | 4417 ||| INVOKING Spit Poison.
  4420 | D:6      | Killed Blork the orc
  4421 | D:6      | Reached skill level 3 in Dodging
  4421 | D:6      | Reached XP level 9. HP: 73/81 MP: 9/9
  4451 | D:6      | 4451 ||| INVOKING Spit Poison.
  4511 | D:6      | 4511 ||| READING scroll of brand weapon.
  4511 | D:6      | 4511 ||| BRANDING +1 arbalest of draining.
  4670 | D:6      | 4670 ||| UPGRADING to +1 robe of cold resistance.
  4680 | D:6      | 4680 ||| DROPPING +0 leather armour.
  4681 | D:6      | 4681 ||| UPGRADING to amulet "Lelips" {Acrobat Regen+}.
  4686 | D:6      | 4686 ||| READING scroll labelled CIFOR CIS FUL.
  4687 | D:6      | 4687 ||| DRINKING 2 glowing white potions.
  4714 | D:7      | 4714 ||| INVOKING Spit Poison.
  4717 | D:7      | 4717 ||| INVOKING Spit Poison.
  4718 | D:7      | Reached skill level 6 in Fighting
  4728 | D:7      | Found Puq Ytuc's Jewellery Emporium.
  4745 | D:7      | 4745 ||| SHOPLISTING +4 ring of slaying (858 gold, have
                  | 248).
  4745 | D:7      | 4745 ||| SHOPLISTING ring of fire (275 gold, have 248).
  4745 | D:7      | 4745 ||| BUYING ring of resist corrosion (220 gold).
  4745 | D:7      | Bought a ring of resist corrosion for 220 gold pieces
  4767 | D:7      | Found a staircase to the Ecumenical Temple.
  4768 | D:7      | 4768 ||| PLANNING TEMPLE
  4768 | D:7      | 4768 ||| UPGRADING to ring of resist corrosion.
  4773 | D:7      | 4773 ||| INVOKING Spit Poison.
  4775 | D:7      | 4775 ||| INVOKING Spit Poison.
  4778 | D:7      | 4778 ||| INVOKING Spit Poison.
  4780 | D:7      | 4780 ||| INVOKING Spit Poison.
  4784 | D:7      | 4784 ||| INVOKING Spit Poison.
  4786 | D:7      | 4786 ||| Stepping ~*~*~tactically~*~*~ (outnumbered).
  4788 | D:7      | Reached skill level 10 in Ranged Weapons
  4788 | D:7      | HP: 19/82 [yak (10)]
  4788 | D:7      | HP: 5/82 [yak (14)]
  4789 | D:7      | 4789 ||| READING 2 scrolls of teleportation.
  4790 | D:7      | 4790 ||| DRINKING potion of heal wounds.
  4791 | D:7      | 4791 ||| INVOKING Spit Poison.
  4850 | D:7      | 4850 ||| Stepping randomly (stuck).
  4851 | D:7      | 4851 ||| Stepping randomly (stuck).
  4852 | D:7      | 4852 ||| Stepping randomly (stuck).
  4853 | D:7      | 4853 ||| Stepping randomly (stuck).
  4854 | D:7      | 4854 ||| Stepping randomly (stuck).
  4855 | D:7      | 4855 ||| Stepping randomly (stuck).
  4857 | D:7      | 4857 ||| READING 2 scrolls of identify.
  4857 | D:7      | 4857 ||| IDENTIFYING glowing green potion
  4858 | D:7      | 4858 ||| Stepping randomly (stuck).
  4859 | D:7      | 4859 ||| Stepping randomly (stuck).
  4860 | D:7      | 4860 ||| Stepping randomly (stuck).
  4861 | D:7      | 4861 ||| Stepping randomly (stuck).
  4862 | D:7      | 4862 ||| Stepping randomly (stuck).
  4863 | D:7      | 4863 ||| Stepping randomly (stuck).
  4864 | D:7      | 4864 ||| Stepping randomly (stuck).
  4865 | D:7      | 4865 ||| Stepping randomly (stuck).
  4866 | D:7      | 4866 ||| Stepping randomly (stuck).
  4868 | D:7      | 4868 ||| INVOKING Spit Poison.
  4897 | D:7      | 4897 ||| INVOKING Spit Poison.
  4903 | D:7      | 4903 ||| INVOKING Spit Poison.
  4907 | D:7      | 4907 ||| INVOKING Spit Poison.
  4911 | D:7      | 4911 ||| INVOKING Spit Poison.
  4924 | Temple   | Entered the Ecumenical Temple
  5035 | Temple   | 5035 ||| PLANNING OKAWARU WORSHIP
  5235 | Temple   | Became a worshipper of Warmaster Okawaru
  5236 | Temple   | 5236 ||| PLANNING D:1-11
  5506 | D:7      | 5506 ||| INVOKING Spit Poison.
  5507 | D:7      | 5507 ||| Stepping ~*~*~tactically~*~*~ (outnumbered).
  5509 | D:7      | 5509 ||| INVOKING Spit Poison.
  5513 | D:7      | 5513 ||| INVOKING Spit Poison.
  5517 | D:7      | 5517 ||| INVOKING Spit Poison.
  5746 | D:7      | 5746 ||| READING scroll labelled OHADUWO FONUSO.
  5783 | D:7      | 5783 ||| READING 2 scrolls of identify.
  5783 | D:7      | 5783 ||| IDENTIFYING sapphire potion
  5808 | D:8      | 5808 ||| INVOKING Spit Poison.
  5892 | D:8      | HP: 19/76 [wight/+0 great sword (7)]
  5893 | D:8      | 5893 ||| READING scroll of teleportation.
  5945 | D:8      | Identified the staff of air "Syubb" {rElec rC+ Dex+3}
  5976 | D:8      | Noticed a two-headed ogre
  5979 | D:8      | 5979 ||| INVOKING Spit Poison.
  5982 | D:8      | 5982 ||| INVOKING Spit Poison.
  5983 | D:8      | HP: 18/74 [two-headed ogre/+0 giant spiked club (12)]
  5984 | D:8      | Killed a two-headed ogre
  5984 | D:8      | Reached * piety under Okawaru
  5985 | D:8      | Reached skill level 11 in Ranged Weapons
  5985 | D:8      | Reached XP level 10. HP: 22/94 MP: 10/10
  6087 | D:8      | Noticed Maurice
  6089 | D:8      | 6089 ||| INVOKING Spit Poison.
  6093 | D:8      | 6093 ||| INVOKING Spit Poison.
  6097 | D:8      | 6097 ||| INVOKING Spit Poison.
  6100 | D:8      | 6100 ||| INVOKING Heroism.
  6101 | D:8      | Killed Maurice
  6102 | D:8      | Reached skill level 1 in Invocations
  6102 | D:8      | 6102 ||| INVOKING Spit Poison.
  6114 | D:8      | 6114 ||| INVOKING Heroism.
  6179 | D:8      | 6179 ||| INVOKING Spit Poison.
  6182 | D:8      | 6182 ||| INVOKING Spit Poison.
  6185 | D:8      | 6185 ||| INVOKING Spit Poison.
  6289 | D:8      | 6289 ||| INVOKING Spit Poison.
  6390 | D:8      | 6390 ||| INVOKING Heroism.
  6391 | D:8      | 6391 ||| Stepping ~*~*~tactically~*~*~ (outnumbered).
  6407 | D:8      | 6407 ||| INVOKING Heroism.
  6409 | D:8      | Reached skill level 3 in Invocations
  6411 | D:8      | 6411 ||| INVOKING Spit Poison.
  6414 | D:8      | 6414 ||| INVOKING Spit Poison.
  6433 | D:8      | Noticed a two-headed ogre
  6434 | D:8      | 6434 ||| INVOKING Heroism.
  6435 | D:8      | 6435 ||| INVOKING Spit Poison.
  6438 | D:8      | 6438 ||| INVOKING Spit Poison.
  6440 | D:8      | Killed a two-headed ogre
  6463 | D:8      | Reached ** piety under Okawaru
  6473 | D:8      | 6473 ||| UPGRADING to +0 cloak.
  6478 | D:8      | 6478 ||| READING scroll labelled EXZOM SOWE.
  6478 | D:8      | Identified a scroll of acquirement
  6478 | D:8      | 6478 ||| ACQUIRING ring of Ynuuz {*Corrode rElec rF+ Dex+4}
  6478 | D:8      | Acquired the ring of Ynuuz {*Corrode rElec rF+ Dex+4}
  6480 | D:8      | 6480 ||| UPGRADING to ring of Ynuuz {*Corrode rElec rF+
                  | Dex+4}.
  6481 | D:8      | 6481 ||| DRINKING 2 smoky emerald potions.
  6488 | D:8      | 6488 ||| INVOKING Heroism.
  6489 | D:8      | 6489 ||| INVOKING Spit Poison.
  6491 | D:8      | 6491 ||| INVOKING Spit Poison.
  6623 | D:8      | 6623 ||| INVOKING Spit Poison.
  6633 | D:8      | 6633 ||| READING 2 scrolls of identify.
  6633 | D:8      | 6633 ||| IDENTIFYING fuming dark potion
  6634 | D:8      | 6634 ||| DROPPING potion of lignification.
  6635 | D:8      | 6635 ||| DROPPING potion of berserk rage.
  6833 | D:9      | 6833 ||| INVOKING Heroism.
  6834 | D:9      | 6834 ||| INVOKING Spit Poison.
  6869 | D:9      | 6869 ||| INVOKING Spit Poison.
  6874 | D:9      | 6874 ||| INVOKING Spit Poison.
  6879 | D:9      | 6879 ||| INVOKING Spit Poison.
  6883 | D:9      | 6883 ||| INVOKING Spit Poison.
  6892 | D:9      | Found a flagged portal.
  7010 | D:9      | 7010 ||| INVOKING Spit Poison.
  7014 | D:9      | 7014 ||| INVOKING Spit Poison.
  7019 | D:9      | 7019 ||| INVOKING Spit Poison.
  7075 | D:9      | 7075 ||| INVOKING Spit Poison.
  7095 | D:9      | 7095 ||| INVOKING Spit Poison.
  7100 | D:9      | 7100 ||| INVOKING Spit Poison.
  7107 | D:9      | 7107 ||| INVOKING Spit Poison.
  7109 | D:9      | Reached XP level 11. HP: 103/103 MP: 14/14
  7442 | D:9      | 7442 ||| READING scroll labelled HALYLLY RICI.
  7478 | D:10     | Entered Level 10 of the Dungeon
  7526 | D:10     | Found a staircase to the Orcish Mines.
  7527 | D:10     | 7527 ||| INVOKING Heroism.
  7528 | D:10     | 7528 ||| INVOKING Spit Poison.
  7532 | D:10     | 7532 ||| INVOKING Spit Poison.
  7537 | D:10     | 7537 ||| INVOKING Spit Poison.
  7540 | D:10     | 7540 ||| INVOKING Spit Poison.
  7578 | D:10     | 7578 ||| INVOKING Spit Poison.
  7581 | D:10     | Reached skill level 12 in Ranged Weapons
  7581 | D:10     | 7581 ||| INVOKING Spit Poison.
  7585 | D:10     | 7585 ||| INVOKING Spit Poison.
  7587 | D:10     | 7587 ||| INVOKING Heroism.
  7590 | D:10     | 7590 ||| INVOKING Spit Poison.
  7595 | D:10     | 7595 ||| INVOKING Spit Poison.
  7599 | D:10     | 7599 ||| INVOKING Spit Poison.
  7732 | D:10     | 7732 ||| INVOKING Heroism.
  7733 | D:10     | 7733 ||| INVOKING Spit Poison.
  7738 | D:10     | 7738 ||| INVOKING Spit Poison.
  7744 | D:10     | 7744 ||| INVOKING Spit Poison.
  7917 | D:10     | 7917 ||| INVOKING Spit Poison.
  7921 | D:10     | 7921 ||| INVOKING Spit Poison.
  7926 | D:10     | 7926 ||| INVOKING Spit Poison.
  8092 | D:10     | 8092 ||| INVOKING Spit Poison.
  8096 | D:10     | 8096 ||| INVOKING Spit Poison.
  8275 | D:10     | 8275 ||| READING 4 scrolls of identify.
  8275 | D:10     | 8275 ||| IDENTIFYING emerald potion
  8310 | D:11     | 8310 ||| INVOKING Spit Poison.
  8313 | D:11     | 8313 ||| INVOKING Spit Poison.
  8315 | D:11     | 8315 ||| INVOKING Spit Poison.
  8319 | D:11     | 8319 ||| INVOKING Spit Poison.
  8320 | D:11     | Reached *** piety under Okawaru
  8322 | D:11     | 8322 ||| INVOKING Spit Poison.
  8420 | D:11     | Found a staircase to the Lair.
  8451 | D:11     | Reached skill level 13 in Ranged Weapons
  8472 | D:11     | Noticed a cyclops
  8473 | D:11     | 8473 ||| INVOKING Heroism.
  8474 | D:11     | 8474 ||| INVOKING Spit Poison.
  8477 | D:11     | Killed a cyclops
  8482 | D:11     | Noticed a soul eater
  8482 | D:11     | 8482 ||| INVOKING Spit Poison.
  8486 | D:11     | Noticed a boulder beetle
  8491 | D:11     | 8491 ||| INVOKING Heroism.
  8493 | D:11     | 8493 ||| INVOKING Spit Poison.
  8497 | D:11     | Noticed a soul eater
  8498 | D:11     | 8498 ||| INVOKING Spit Poison.
  8501 | D:11     | Killed a boulder beetle
  8502 | D:11     | Reached skill level 9 in Fighting
  8564 | D:11     | 8564 ||| INVOKING Heroism.
  8565 | D:11     | 8565 ||| INVOKING Spit Poison.
  8656 | D:11     | 8656 ||| INVOKING Spit Poison.
  8747 | D:11     | 8747 ||| Stepping ~*~*~tactically~*~*~ (outnumbered).
  8749 | D:11     | 8749 ||| INVOKING Spit Poison.
  8751 | D:11     | 8751 ||| Stepping ~*~*~tactically~*~*~ (outnumbered).
  8754 | D:11     | 8754 ||| INVOKING Spit Poison.
  8807 | D:11     | Reached skill level 6 in Dodging
  8807 | D:11     | Found a frozen archway.
  8809 | D:11     | 8809 ||| INVOKING Spit Poison.
  8912 | D:11     | 8912 ||| PLANNING LAIR
  8912 | D:11     | 8912 ||| DROPPING +6 ring of intelligence.
  8913 | D:11     | 8913 ||| DROPPING ring of flight.
  8915 | D:11     | 8915 ||| INVOKING Heroism.
  8916 | D:11     | 8916 ||| INVOKING Spit Poison.
  8944 | Lair:1   | Entered Level 1 of the Lair of Beasts
  8963 | Lair:1   | 8963 ||| INVOKING Spit Poison.
  8965 | Lair:1   | Reached **** piety under Okawaru
  8967 | Lair:1   | 8967 ||| INVOKING Spit Poison.
  9027 | Lair:1   | 9027 ||| INVOKING Heroism.
  9049 | Lair:1   | 9049 ||| INVOKING Heroism.
  9056 | Lair:1   | Reached XP level 12. HP: 106/114 MP: 13/15
  9129 | Lair:1   | 9129 ||| INVOKING Heroism.
  9135 | Lair:1   | HP: 26/114 [elephant (5)]
  9136 | Lair:1   | HP: 3/114 [elephant (15)]
  9137 | Lair:1   | HP: 1/114 [elephant (4)]
  9137 | Lair:1   | Slain by an elephant

Levels and vault maps discovered:
D:1:      amcnicky_arrival_double_pillar, layout_basic
D:2:      layout_basic, minmay_circle_x
D:3:      layout_basic, shapermc_ecumenical_altar_ellora, serial_corexii_hall,
          corexii_hall_statues_i, chequers_hall_statues_corner_a,
          corexii_hall_statues_x, chequers_hall_statues_corner_a,
          chequers_hall_statues_corner_a, corexii_hall_statues_l, serial_shops,
          shop, uniq_ijyb
D:4:      layout_rooms, trog_butcher_becter, serial_shops,
          nicolae_shop_hallway_stairs, minmay_misc_feat_plants, hex_tiny,
          uniq_menkaure
D:5:      layout_basic
D:6:      layout_basic, serial_aquarium, aquarium_bridge_long_separate
          [aquarium_subvault_bridge, aquarium_subvault_bridge,
          aquarium_subvault_bridge, aquarium_subvault_wall,
          aquarium_subvault_wall, aquarium_subvault_bridge],
          aquarium_bridge_square [aquarium_subvault_wall,
          aquarium_subvault_bridge, aquarium_subvault_balcony,
          aquarium_subvault_window], aquarium_window_corner,
          aquarium_window_fake, aquarium_window_1, aquarium_window_2,
          aquarium_view_2d, aquarium_pool_1, minmay_pentangle,
          uniq_blork_the_orc
D:7:      layout_gridville, minmay_temple_entry_sparse_star, serial_shops,
          nicolae_shop_statue_plus, nicolae_concentric_dashed_squares_wild
D:8:      minmay_clustersquares, layout_rooms, uniq_maurice
D:9:      layout_basic, enter_bailey_3
D:10:     layout_basic, david_orc_3
D:11:     layout_loops_ring, lair_entry_dummy, portal_ice_cave_rime
Temple:   roderic_octagonal_lattice_temple
Lair:1:   layout_cave_pods, grunt_megastairs_3

Skill      XL: |  1  2  3  4  5  6  7  8  9 10 11 12 |
---------------+-------------------------------------+-----
Ranged Weapons | 4 5 6 7 9 11 13 | 13.9
Fighting       | 3 4 5 7 8 9 |  9.0
Dodging        | 2 3 4 5 6 |  6.0
Armour         | 1 2 |  2.4
Invocations    | 4 5 |  5.6
Stealth        | |  1.5

Action                     |  1- 3 |  4- 6 |  7- 9 | 10-12 || total
---------------------------+-------+-------+-------+-------++-------
   Fire: Shortbow          |    73 |    63 |    69 |       ||   205
         Arbalest          |       |       |    78 |   231 ||   309
 Invoke: Heroism           |       |       |       |    17 ||    17
Ability: Spit Poison       |    33 |    29 |    47 |    62 ||   171
    Use: Scroll            |     5 |     5 |    15 |     4 ||    29
         Potion            |     2 |     3 |     3 |     1 ||     9
 Armour: Leather armour    |    19 |    16 |    25 |       ||    60
         Robe              |       |       |    22 |    91 ||   113
  Dodge: Dodged            |    30 |    22 |    87 |   214 ||   353

Table legend:
 A = Non-vault XP
 B = Vault XP
 C = Vault XP percentage of total XP
 D = Non-vault monster count
 E = Vault monster count
 F = Vault count percentage of total count
                 A         B        C        D         E       F
            +---------+---------+-------+---------+---------+-------
      Total |   16665 |    4396 |  20.9 |     223 |      47 |  17.4
            +---------+---------+-------+---------+---------+-------
        D:1 |      34 |       0 |   0.0 |      20 |       0 |   0.0
        D:2 |      28 |      10 |  26.3 |      14 |       6 |  30.0
        D:3 |      44 |      36 |  45.0 |      17 |       1 |   5.6
        D:4 |     187 |     172 |  47.9 |      11 |       5 |  31.2
        D:5 |     661 |       0 |   0.0 |      21 |       0 |   0.0
        D:6 |     791 |     613 |  43.7 |      19 |      10 |  34.5
        D:7 |    1673 |       0 |   0.0 |      19 |       0 |   0.0
        D:8 |    1542 |    2545 |  62.3 |      21 |      12 |  36.4
        D:9 |     946 |       7 |   0.7 |      20 |       4 |  16.7
       D:10 |    1772 |     264 |  13.0 |      27 |       7 |  20.6
       D:11 |    4748 |     749 |  13.6 |      19 |       2 |   9.5
     Lair:1 |    4239 |       0 |   0.0 |      15 |       0 |   0.0
            +---------+---------+-------+---------+---------+-------
